 Dungeon Crawl Stone Soup version 0.29-a0-668-g12ee2bf84d (webtiles) character file.

Game seed: 9554224784826761324

22 IdlyInterested the Skirmisher (level 2, 0/20 (24) HPs)
             Began as a Demonspawn Fighter on June 23, 2022.
             Slain by a gnoll
             ... wielding a +0 spear
              (1 damage)
             ... on level 2 of the Dungeon.
             The game lasted 00:02:18 (1092 turns).

IdlyInterested the Skirmisher (Demonspawn Fighter)  Turns: 1092, Time: 00:02:19

HP:   0/20 (24)     AC:  6    Str: 14    XL:     2   Next: 68%
MP:   2/2           EV:  8    Int:  9    God:
Gold: 25            SH:  5    Dex: 18    Spells: 1/1 levels left

rFire   . . .      SeeInvis .   a - +0 war axe
rCold   . . .      Faith    .   c - +0 buckler
rNeg    . . .      Spirit   .   b - +0 scale mail
rPois   .          Reflect  .   (no helmet)
rElec   .          Harm     .   (no cloak)
rCorr   .          Rampage  .   (no gloves)
Will    .....                   (no boots)
Stlth   ..........              (no amulet)
HPRegen 0.06/turn               h - +6 ring of dexterity
MPRegen 0.08/turn               (no ring)

@: heavily drained
A: spiny 1, talons 1, weak 1, evolution 1
a: no special abilities


You were on level 2 of the Dungeon.
You visited 1 branch of the dungeon, and saw 2 of its levels.

You collected 25 gold pieces.

Inventory:

Hand Weapons
 a - a +0 war axe (weapon)
Missiles
 e - a throwing net
 k - 3 poisoned darts (quivered)
Armour
 b - a +0 scale mail (worn)
 c - a +0 buckler (worn)
 g - an orb of mayhem
Jewellery
 h - a +6 ring of dexterity (left hand)
Scrolls
 f - 4 scrolls of identify
Potions
 d - a potion of might
 l - a potion of attraction


   Skills:
 - Level 3.0 Fighting
 * Level 2.7 Axes
 - Level 3.0 Armour
 - Level 2.6 Shields


You had one spell level left.
You didn't know any spells.
Your spell library contained the following spells:

 Spells                   Type           Power      Damage    Failure   Level
 Sublimation of Blood     Necr           0%         N/A       98%         2
 Petrify                  Tmut/Erth      0%         N/A       100%        4
 Irradiate                Conj/Tmut      0%         3d13      100%        5


Dungeon Overview and Level Annotations

Branches:
Dungeon (2/15)

Altars:

Annotations:
D:2 Sigmund


Innate Abilities, Weirdness & Mutations

You are partially covered in sharp spines.
You have sharp toenails.
You are weak. (Str -2)
You have hidden genetic potential.


Message History

You block the rat's attack.
You hit the rat but do no damage. You claw the rat.
You kill the rat!
A kobold comes into view. It is wielding a +0 dagger.
The kobold shouts!
You hear a shout!
The kobold throws a stone.
The stone closely misses you.
A gnoll comes into view. It is wielding a +1 whip of draining.
The gnoll shouts!
The kobold hits you but does no damage.
You barely miss the kobold. You claw the kobold.
You kill the kobold!
Things that are here:
a +0 dagger; 2 stones Sigmund, a worm and a gnoll come into view.
Sigmund is wielding a +3 vorpal scythe.
Sigmund shouts!
Sigmund mumbles some strange words.
Sigmund flickers and vanishes!
Deactivating autopickup; reactivate with Ctrl-A.
A gnoll comes into view. It is wielding a +0 flail.
The gnoll closely misses you.
The gnoll shouts!
You hit the gnoll but do no damage. You claw the gnoll.
The gnoll is lightly wounded.
The gnoll is struck by your spines.
The gnoll hits you with a +1 whip of draining.
You feel drained.
You hit the gnoll.
The gnoll is almost dead.
The gnoll hits you with a +1 whip of draining.
You feel drained.
The gnoll hits you with a +1 whip of draining.
* * * LOW HITPOINT WARNING * * *
You feel drained.
The gnoll hits you from afar with a +0 spear.
* * * LOW HITPOINT WARNING * * *
You slash the gnoll!
You kill the gnoll!
The gnoll hits you from afar with a +0 spear.
You die...

#......#....#........#
##.#.†.#.#..#.#......#
#.#...#.#..#.#......#
#.......#..#.#......#
#.....#......#......#
#.....#....#.#..###.#
#.....#....#...)..#
#.....#..#.#.#..#.#.#
#..............@....#
#.#...#....#.##)#.#.#
#.#.............g...#
#.#...##........#.###
#..............g...
..#...#.... .. ..#....
... #. #..... ...


You could see 2 gnolls.

Vanquished Creatures
  A gnoll (D:2)
  4 endoplasms (D:1)
  2 goblins (D:1)
  A hobgoblin (D:1)
  3 kobolds
  2 quokkas (D:1)
  2 ball pythons (D:1)
  3 bats
  2 frilled lizards (D:1)
  A rat (D:2)
21 creatures vanquished.

Notes
Turn   | Place    | Note
-------+----------+-------------------------------------------
     0 | D:1      | IdlyInterested the Demonspawn Fighter began the quest for
                  | the Orb.
     0 | D:1      | Reached XP level 1. HP: 18/18 MP: 1/1
   255 | D:1      | Gained mutation: You are partially covered in sharp spines.
                  | [demonic ancestry]
   255 | D:1      | Reached XP level 2. HP: 24/24 MP: 2/2
   787 | D:1      | Gained mutation: You have a pair of small horns on your
                  | head. [potion of mutation]
   788 | D:1      | Lost mutation: You have a pair of small horns on your head.
                  | [potion of mutation]
   788 | D:1      | Gained mutation: You have sharp toenails. [potion of
                  | mutation]
   788 | D:1      | Gained mutation: You are weak. (Str -2) [potion of
                  | mutation]
   788 | D:1      | Gained mutation: You have hidden genetic potential. [potion
                  | of mutation]
  1089 | D:2      | Noticed Sigmund
  1091 | D:2      | HP: 1/20 [gnoll/+0 spear (5)]
  1092 | D:2      | Slain by a gnoll

Illustrated notes

Levels and vault maps discovered:
D:1:      minmay_arrival_five_plusses, layout_basic, serial_park_tiny_1
D:2:      minmay_chambers_of_ones, layout_basic, nicolae_ecumenical_lake_church,
          basic_altar, uniq_natasha, uniq_sigmund

Skill      XL: |  1 |
---------------+----+-----
Axes           | 2 |  2.7
Armour         | 3 |  3.0
Fighting       | |  3.0
Shields        | |  2.6

Action                   || total
-------------------------++-------
Melee: War axe           ||    39
       Kick              ||     3
  Use: Scroll            ||     6
       Potion            ||     2
Armor: Scale mail        ||    16
Dodge: Dodged            ||     8
Block: Buckler           ||     7

Table legend: (Time is in decaauts)
 A = Elapsed time spent in this place.
 B = Non-inter-level travel time spent in this place.
 C = Inter-level travel time spent in this place.
 D = Time resting spent in this place.
 E = Time spent auto-exploring this place.
 F = Levels seen in this place.
 G = Mean time per level.
                   A        B        C        D        E       F      G
               +--------+--------+--------+--------+--------+-----+--------+
         Total |   1107 |    892 |    215 |    144 |    560 |   2 |  553.5 |
       Dungeon |   1107 |    892 |    215 |    144 |    560 |   2 |  553.5 |
               +--------+--------+--------+--------+--------+-----+--------+

Top non-repeatable levels by time:
     D:1: 1021 daAuts
     D:2: 85 daAuts
